Map: Arctic Dream LE

Players

Tetsuro

  • Race: Protoss Protoss
  • League: Diamond
  • Spawn Location: 12:00

homus

  • Race: Zerg Zerg
  • Spawn Location: 11:00

Massa - Winner!

  • Race: Terran Terran
  • League: Platinum
  • Spawn Location: 5:00

qqq - Winner!

  • Race: Zerg Zerg
  • Spawn Location: 6:00

VOD

Have the link to the VOD?

Description

Time

  • Played on: Nov. 14, 2020, 10:04 a.m.
  • Length: 23:33
Show
View Real Time Build Order
Export as new Build Order

Tetsuro Protoss 

Build Orders:  

Get SALT Encoding   

  12  0:01  Probe  
  13  0:14  Probe  
  14  0:18  Pylon  
  14  0:26  Probe  
  15  0:40  Gateway  
  15  0:42  Probe (Chrono Boost)  
  16  0:52  Probe (Chrono Boost), Pylon  
  17  0:57  Probe  
  17  0:58  Assimilator  
  18  1:09  Probe  
  19  1:21  Probe  
  19  1:23  Gateway  
  20  1:30  Cybernetics Core  
  20  1:33  Probe  
  20  1:39  Zealot  
  23  1:45  Probe  
  24  1:58  Probe  
  25  2:10  Probe  
  25  2:11  Stalker  
  28  2:16  Warp Gate  
  28  2:22  Probe  
  29  2:33  Nexus  
  29  2:34  Probe  
  30  2:38  Assimilator  
  30  2:46  Probe  
  30  2:48  Assimilator  
  31  2:55  Shield Battery  
  31  3:06  Pylon  
  31  3:15  Assimilator  
  31  3:24  Probe, Sentry  
  34  3:30  Robotics Facility  
  34  3:36  Probe  
  34  3:39  Gateway  
  35  3:43  Gateway  
  35  3:45  Probe  
  35  3:46  Pylon  
  35  3:48  Probe  
  33  4:18  Adept x2  
  37  4:35  Adept  
  35  4:38  Adept x2  
  39  4:47  Probe x2  
  41  4:59  Probe (Chrono Boost)  
  40  5:02  Zealot x3  
  40  5:03  Zealot  
  47  5:10  Probe (Chrono Boost)  
  47  5:11  Probe (Chrono Boost), Robotics Bay  
  47  5:13  Pylon  
  47  5:17  Probe (Chrono Boost)  
  47  5:18  Probe (Chrono Boost)  
  45  5:27  Stalker x4  
  45  5:55  Stalker  
  45  5:56  Probe  
  45  5:57  Probe  
  44  6:24  Probe (Chrono Boost)  
  45  6:32  Probe (Chrono Boost)  
  46  6:36  Probe (Chrono Boost)  
  47  6:43  Probe x2 (Chrono Boost)  
  49  6:51  Probe  
  49  6:52  Probe  
  51  7:03  Probe, Warp Prism (Chrono Boost)  
  54  7:10  Probe  
  55  7:17  Extended Thermal Lance (Chrono Boost)  
  55  7:22  Probe x2  
  57  7:39  Observer  
  52  8:03  Colossus (Chrono Boost)  
  54  8:13  Probe x2  
  56  8:23  Forge  
  56  8:25  Probe x2, Forge  
  58  8:32  Adept x2  
  58  8:33  Adept x2  
  66  8:37  Probe  
  67  8:52  Nexus  
  67  8:55  Probe, Pylon  
  68  8:58  Pylon  
  68  9:00  Assimilator  
  68  9:05  Assimilator  
  68  9:13  Colossus, Protoss Ground Armor Level 1 (Chrono Boost), Protoss Ground Weapons Level 1 (Chrono Boost)  
  68  9:14  Photon Cannon  
  74  9:21  Robotics Facility  
  70  9:49  Stalker x3  
  70  9:50  Stalker  
  74  9:58  Probe  
  75  10:05  Probe  
  75  10:06  Probe  
  77  10:10  Probe  
  78  10:25  Colossus x2  
  78  10:26  Probe  
  78  10:27  Probe x2  
  93  10:36  Twilight Council  
  93  10:39  Probe x2  
  93  10:40  Pylon  
  95  10:45  Pylon  
  95  10:51  Stalker x3  
  101  10:59  Pylon  
  95  11:04  Pylon  
  95  11:15  Adept x3  
  95  11:16  Pylon  
  101  11:27  Pylon  
  101  11:31  Protoss Ground Weapons Level 2 (Chrono Boost), Protoss Ground Armor Level 2 (Chrono Boost)  
  101  11:35  Charge (Chrono Boost)  
  101  11:42  Probe x2  
  101  11:44  Observer x2  
  105  12:20  Stalker x4  
  113  12:40  Gateway  
  113  12:42  Gateway  
  113  12:43  Probe x2  
  113  12:44  Probe  
  116  12:46  Pylon  
  116  12:48  Gateway  
  116  12:49  Gateway  
  116  12:52  Photon Cannon  
  116  12:55  Probe, Photon Cannon  
  117  12:58  Shield Battery  
  117  13:00  Shield Battery  
  101  13:20  Stalker  
  101  13:21  Stalker x3  
  109  13:38  Pylon  
  109  13:41  Gateway  
  109  13:42  Gateway  
  109  13:43  Gateway  
  109  13:45  Blink (Chrono Boost)  
  109  13:46  Observer  
  109  13:47  Observer  
  111  13:52  Gateway, Protoss Shields Level 1 (Chrono Boost)  
  111  13:55  Templar Archives  
  110  14:12  Nexus  
  110  14:28  Stalker x3  
  110  14:29  Stalker x3  
  121  15:00  Stalker x6  
  121  15:01  Stalker x4  
  141  15:30  Zealot  
  141  15:31  Zealot x6  
  141  15:32  Zealot x3  
  61  16:19  Colossus x2 (Chrono Boost)  
  61  16:21  High Templar x2  
  61  16:22  High Templar x6  
  61  16:23  High Templar x2  
  93  16:26  Archon x3  
  93  16:27  Archon x2  
  93  16:37  Protoss Ground Armor Level 3 (Chrono Boost), Protoss Ground Weapons Level 3 (Chrono Boost)  
  89  17:02  Colossus x2 (Chrono Boost)  
  89  17:06  Zealot x6  
  89  17:07  Zealot x2  
  89  17:08  Zealot x2  
  100  17:27  High Templar x2  
  100  17:28  High Templar x5  
  112  17:30  Zealot x3  
  112  17:32  Archon x3  
  118  17:49  Colossus  
  124  18:21  Probe  
  125  18:39  Nexus  
  125  18:42  Assimilator  
  125  18:47  Assimilator  
  125  18:50  Pylon  
  125  18:51  Colossus x2 (Chrono Boost)  
  125  18:52  Probe, Pylon  
  124  18:59  Nexus  
  98  19:04  Pylon  
  98  19:07  Pylon  
  74  19:15  Zealot x5  
  74  19:16  Zealot x5  
  88  19:17  Pylon  
  88  19:19  Pylon  
  88  19:21  Protoss Shields Level 2  
  88  19:22  Probe x2  
  90  19:24  Pylon  
  90  19:37  Colossus  
  90  19:38  Colossus, Zealot x3  
  98  19:39  Zealot x4  
  98  19:40  Zealot x3  
  108  20:19  Zealot x4  
  108  20:20  Zealot x6  
  83  21:03  High Templar x5  
  83  21:04  High Templar x3  
  93  21:07  Archon  
  93  21:08  Archon x3  
  97  21:17  Zealot x2  
  102  21:18  Probe x2  
  102  21:19  Probe x2  
  99  21:31  Colossus  
  99  21:50  Zealot x7  
  99  21:51  Zealot x3  
  101  22:05  Probe x3  
  98  22:15  Nexus  
  90  22:17  Zealot x2  
  90  22:18  Zealot x4  
  90  22:19  Zealot  
  98  22:40  High Templar  
  98  22:41  High Templar x6  
  98  22:42  High Templar  
  114  22:47  Archon  
  114  22:48  Archon x3  
  114  22:52  Probe x3  
  114  22:54  Assimilator  
  117  22:58  Assimilator  
  117  23:12  Pylon  
  99  23:19  Pylon  
Show
View Real Time Build Order
Export as new Build Order

homus Zerg 

Build Orders: Pool First 

Get SALT Encoding   

  12  0:01  Drone  
  13  0:13  Overlord  
  13  0:16  Drone  
  14  0:31  Drone x2  
  14  0:35  Drone  
  17  0:49  Drone  
  18  0:50  Spawning Pool  
  17  1:10  Hatchery  
  16  1:15  Extractor  
  16  1:16  Drone  
  16  1:23  Drone x2  
  18  1:29  Drone  
  19  1:41  Queen  
  19  1:43  Zergling x2  
  22  1:59  Overlord  
  22  2:20  Lair  
  22  2:23  Queen  
  24  2:35  Drone x5  
  29  2:42  Hatchery  
  27  2:59  Drone, Zergling x8  
  27  3:03  Metabolic Boost  
  32  3:09  Drone x2  
  34  3:27  Drone  
  34  3:30  Overlord  
  35  3:45  Spine Crawler  
  34  3:49  Extractor  
  34  3:52  Zergling x12  
  34  3:55  Queen  
  39  4:10  Spire  
  32  4:26  Zergling x16  
  38  4:39  Drone x2  
  38  4:44  Queen  
  34  5:15  Zergling x6  
  34  5:16  Zergling x6  
  34  5:23  Extractor  
  34  5:24  Mutalisk x3  
  39  5:37  Drone x2  
  41  5:46  Drone x2  
  41  5:47  Extractor  
  42  5:53  Mutalisk  
  44  5:59  Hatchery  
  43  6:06  Drone  
  43  6:28  Overlord x2  
  43  6:29  Overlord  
  43  6:46  Queen  
  45  6:55  Mutalisk x5  
  55  7:09  Mutalisk  
  57  7:17  Drone x3  
  57  7:18  Drone x6  
  66  7:33  Drone x4  
  66  7:36  Drone  
  71  7:39  Mutalisk  
  73  7:47  Overlord  
  73  7:48  Overlord  
  67  8:04  Mutalisk x4  
  72  8:10  Drone x2  
  72  8:11  Drone x3  
  72  8:12  Drone x2  
  79  8:13  Drone  
  80  8:22  Overlord x3  
  80  8:26  Drone  
  81  8:28  Hatchery  
  81  8:33  Zerg Flyer Weapons Level 1  
  80  8:38  Spore Crawler  
  79  8:41  Zergling x2  
  79  8:42  Zergling x12  
  87  8:53  Hatchery  
  86  8:59  Drone x2  
  86  9:00  Drone x3  
  91  9:03  Zergling x2  
  92  9:23  Drone x2  
  92  9:24  Drone x3  
  95  9:33  Extractor  
  95  9:35  Extractor  
  95  9:36  Mutalisk x3  
  95  9:37  Mutalisk x6  
  106  9:44  Mutalisk  
  104  9:55  Mutalisk  
  104  9:57  Zergling x10  
  110  10:02  Drone  
  108  10:13  Infestation Pit  
  107  10:19  Spore Crawler  
  106  10:21  Drone x2  
  106  10:22  Drone x3, Zergling x8  
  106  10:23  Zergling x2, Overlord  
  116  10:33  Pneumatized Carapace  
  116  10:36  Zerg Flyer Weapons Level 2  
  116  11:00  Zergling x8  
  116  11:01  Zergling x16  
  128  11:11  Spore Crawler  
  128  11:13  Spore Crawler  
  126  11:38  Burrow  
  125  11:40  Overseer  
  125  11:41  Hive  
  125  12:06  Spore Crawler  
  120  12:09  Mutalisk  
  120  12:10  Mutalisk x2  
  120  12:11  Overlord x6  
  110  12:45  Mutalisk x15  
  140  12:52  Zerg Flyer Armor Level 1  
  140  12:57  Zergling x6  
  140  12:58  Zergling x2  
  134  13:33  Drone  
  135  13:34  Viper x2  
  135  13:35  Viper  
  135  13:40  Overlord x3  
  135  13:41  Overlord x3  
  125  14:24  Viper x3  
  90  14:31  Corruptor  
  90  14:32  Corruptor x5  
  102  14:52  Corruptor x3  
  104  14:55  Zergling x2  
  104  14:56  Zergling x14  
  116  15:05  Greater Spire  
  116  15:15  Drone x2  
  116  15:16  Drone, Spore Crawler  
  116  15:19  Spore Crawler  
  117  15:24  Corruptor x4  
  125  15:31  Queen  
  104  16:04  Corruptor  
  104  16:05  Corruptor x4  
  104  16:07  Queen  
  105  16:15  Zergling x24  
  117  16:24  Extractor  
  117  16:25  Extractor  
  115  16:28  Corruptor x4  
  119  16:42  Drone  
  119  16:43  Queen  
  117  16:52  Corruptor x3  
  119  17:18  Queen, Corruptor x4  
  119  17:19  Corruptor  
  125  17:31  Hatchery  
  125  17:35  Corruptor x3  
  129  17:39  Zergling x2  
  129  17:40  Zergling x20  
  134  17:50  Corruptor x2  
  134  17:54  Queen  
  125  18:42  Evolution Chamber  
  125  18:43  Evolution Chamber  
  95  19:31  Zergling x2, Corruptor  
  95  19:32  Corruptor x12  
  95  19:33  Corruptor x5  
  108  19:55  Hatchery  
  105  20:09  Drone x2  
  105  20:10  Drone x6  
  105  20:11  Drone  
  116  20:28  Brood Lord  
  116  20:46  Brood Lord  
  116  20:47  Brood Lord  
  116  20:48  Brood Lord  
  122  21:28  Brood Lord x2  
  122  21:29  Brood Lord  
  120  21:56  Zergling x2  
  120  21:57  Zergling x38  
  120  21:58  Zergling x6  
  142  22:39  Corruptor x4  
Show
View Real Time Build Order
Export as new Build Order

Massa Terran - Winner!

Build Orders: Liberator Opening 

Get SALT Encoding   

  12  0:00  SCV  
  13  0:12  SCV  
  14  0:16  Supply Depot  
  14  0:25  SCV  
  15  0:38  SCV  
  15  0:39  Barracks  
  16  0:46  Refinery  
  16  0:50  SCV  
  17  1:02  SCV  
  18  1:14  SCV  
  19  1:26  SCV  
  19  1:31  Barracks Reactor  
  20  1:40  Command Center  
  20  1:44  Orbital Command  
  20  1:52  Refinery  
  20  2:01  Supply Depot  
  20  2:08  Marine  
  20  2:09  Marine  
  22  2:16  Factory  
  22  2:20  SCV  
  23  2:26  Marine x2  
  25  2:32  SCV  
  26  2:44  SCV, Marine x2  
  29  2:58  Orbital Command  
  29  2:59  SCV  
  29  3:02  Marine x2  
  32  3:06  Factory Reactor  
  32  3:07  Starport  
  32  3:11  SCV  
  33  3:20  Marine x2  
  33  3:24  SCV x2  
  37  3:36  SCV, Supply Depot  
  37  3:37  Marine  
  37  3:38  Marine  
  40  3:51  Factory Tech Lab  
  40  3:52  Medivac  
  40  3:53  Liberator  
  40  3:55  Marine  
  45  3:57  Marine  
  45  4:01  Supply Depot  
  45  4:02  SCV x2  
  49  4:13  Marine  
  49  4:14  SCV x2  
  49  4:15  Marine  
  49  4:16  Supply Depot  
  53  4:26  SCV x2  
  53  4:28  Siege Tank  
  53  4:30  Medivac  
  53  4:31  Marine  
  60  4:33  Marine  
  60  4:38  SCV  
  63  4:40  Barracks  
  63  4:46  Barracks  
  63  4:51  Marine x2  
  65  4:55  SCV x2  
  67  5:00  Siege Tank  
  60  6:26  Barracks Reactor, Barracks Tech Lab  
  60  6:29  Marine, Engineering Bay  
  60  6:30  Marine  
  62  6:33  Cyclone  
  62  6:37  SCV  
  62  6:38  SCV  
  67  6:41  Refinery x2  
  67  6:43  Command Center  
  67  6:47  Marine, Supply Depot  
  67  6:48  Marine  
  67  6:49  SCV  
  67  6:50  Barracks  
  67  6:54  Barracks  
  70  7:01  Stimpack  
  70  7:08  SCV, Marine x4  
  70  7:09  Marauder  
  70  7:11  Supply Depot  
  70  7:12  Barracks  
  70  7:14  Missile Turret  
  77  7:18  Missile Turret  
  77  7:23  Missile Turret  
  77  7:26  Marine, Missile Turret  
  78  7:32  Marine x2  
  78  7:33  Marauder, Medivac x2  
  78  7:35  Supply Depot  
  86  7:42  Barracks Tech Lab x2  
  86  7:55  Marauder, Marine x4  
  91  8:00  Supply Depot  
  88  8:10  Marauder x2  
  92  8:12  Marine  
  92  8:15  Siege Tank  
  92  8:17  Marauder  
  92  8:18  Barracks Tech Lab  
  98  8:24  Supply Depot  
  98  8:25  SCV x2  
  100  8:31  Marauder x2  
  100  8:32  Terran Infantry Weapons Level 1  
  104  8:37  SCV x2, Engineering Bay  
  104  8:40  Combat Shield  
  106  8:44  Medivac  
  106  8:45  Marine x2, Medivac  
  106  8:46  Marine x2  
  106  8:47  Siege Tank  
  117  8:49  Refinery, SCV  
  117  8:50  SCV  
  117  8:51  Refinery, Marine  
  117  8:52  Marine x2  
  122  8:56  Concussive Shells  
  122  8:58  Orbital Command  
  122  9:01  SCV  
  122  9:02  SCV  
  124  9:03  Marine  
  125  9:11  Missile Turret  
  125  9:17  Supply Depot x2  
  125  9:18  Supply Depot  
  125  9:19  Supply Depot  
  125  9:21  Supply Depot  
  125  9:22  Marine  
  125  9:24  SCV  
  125  9:25  SCV, Marine, Supply Depot  
  125  9:27  Marine  
  124  9:39  Siege Tank  
  127  9:56  SCV x3  
  130  10:02  Command Center  
  130  10:06  Missile Turret  
  130  10:08  SCV x3  
  133  10:16  Terran Infantry Armor Level 1  
  133  10:20  SCV x2  
  133  10:21  Armory  
  135  10:24  Armory  
  135  10:26  SCV  
  136  10:32  SCV x2  
  138  10:38  SCV  
  139  10:44  SCV  
  139  10:49  Viking x2  
  141  11:19  Viking  
  143  11:35  Viking  
  145  11:49  Viking  
  139  12:05  Viking  
  141  12:28  SCV x3  
  144  12:40  SCV x3  
  147  12:52  SCV x2  
  125  13:13  Medivac x2  
  125  13:15  Marauder x3, Marine x3  
  125  13:16  Marine  
  125  13:19  Siege Tank  
  113  13:23  Planetary Fortress  
  111  13:27  Missile Turret x3  
  111  13:28  Missile Turret  
  111  13:29  Missile Turret  
  111  13:30  Missile Turret  
  111  13:31  Missile Turret  
  111  13:32  Missile Turret  
  111  13:33  Marine  
  112  13:35  Command Center  
  112  13:36  Marauder x3  
  118  13:43  Viking x2  
  118  13:45  Terran Infantry Armor Level 2  
  118  13:46  Terran Infantry Weapons Level 2  
  122  13:49  Terran Vehicle And Ship Armor Level 1, Missile Turret x2, Terran Vehicle Weapons Level 1  
  122  13:51  Siege Tank  
  125  13:57  Marauder x2  
  125  13:58  Marauder  
  131  14:13  Viking x2  
  135  14:22  Barracks  
  135  14:24  Barracks  
  138  14:29  Thor  
  143  14:31  Marauder x2  
  143  14:32  Marauder  
  143  14:34  Marine x4  
  151  14:41  SCV x4  
  151  14:45  Refinery  
  155  14:46  Refinery  
  157  14:53  SCV x4, Marauder x3  
  165  15:00  Sensor Tower  
  165  15:05  SCV x3  
  165  15:06  SCV  
  169  15:11  Thor  
  177  15:14  Marauder x2  
  177  15:15  Marauder  
  177  15:17  SCV x2  
  183  15:24  Missile Turret  
  183  15:28  Missile Turret  
  187  15:35  Marauder  
  187  15:36  Marauder x2  
  186  15:45  Missile Turret  
  186  15:49  Missile Turret  
  172  15:57  Marauder x2  
  172  15:59  Marauder  
  172  16:00  Marine x6  
  161  16:18  Marauder x2, Marine x4  
  157  16:21  Marauder  
  157  16:23  Planetary Fortress  
  164  16:32  Barracks Tech Lab  
  163  16:34  Barracks Reactor  
  163  16:35  Marine  
  163  16:36  Marine x3  
  170  16:40  Marauder x2  
  170  16:42  Marauder  
  172  16:52  Siege Tank  
  172  16:53  Marine  
  176  16:55  Command Center  
  171  17:01  Marauder x2  
  171  17:03  Marauder  
  171  17:21  Medivac x2  
  179  17:22  Marauder x2  
  179  17:24  Siege Tank  
  179  17:25  Marauder  
  184  17:36  SCV x5  
  189  17:47  Barracks Tech Lab  
  189  17:48  SCV x4  
  193  17:51  Medivac x2  
  193  17:54  Terran Infantry Weapons Level 3, Terran Infantry Armor Level 3  
  193  17:56  Terran Vehicle And Ship Armor Level 2, Terran Vehicle Weapons Level 2, Siege Tank  
  200  18:08  Refinery  
  200  18:10  Refinery  
  200  18:30  Planetary Fortress  
  200  18:33  Missile Turret  
  200  18:54  Missile Turret  
  200  18:55  Missile Turret x2  
  183  18:58  Missile Turret  
  183  19:02  Marauder x5  
  165  19:03  Marine  
  165  19:04  Marine x5  
  165  19:05  Viking  
  165  19:06  Viking  
  164  19:18  Missile Turret  
  164  19:21  Marine x4  
  164  19:23  Marauder, Missile Turret  
  164  19:24  Marauder x4  
  178  19:35  Viking  
  178  19:36  Viking  
  180  19:44  Marauder  
  180  19:45  Marauder x4  
  154  19:53  Marine x6  
  154  19:55  SCV x4  
  154  19:56  SCV x2  
  157  20:05  Viking  
  157  20:06  Marauder x5, Viking  
  162  20:07  SCV  
  162  20:09  Command Center  
  162  20:10  Marine  
  149  20:27  Marauder  
  149  20:28  Marauder x4, Siege Tank  
  138  20:35  Factory x2, Medivac x2  
  129  20:37  Marine x6  
  139  20:48  Neosteel Armor, Hi-Sec Auto Tracking  
  139  20:49  Marauder x5  
  149  20:54  Marine  
  149  20:55  Marine x5  
  153  21:00  Siege Tank  
  156  21:05  Medivac  
  156  21:10  Marauder  
  156  21:11  Marauder x4  
  167  21:12  Marine  
  167  21:13  Marine x5  
  168  21:29  Planetary Fortress  
  168  21:30  Marine  
  168  21:31  Marauder  
  168  21:32  Marauder x4, Missile Turret, Siege Tank  
  179  21:35  Viking x2  
  186  21:42  Starport  
  186  21:44  Starport x2  
  183  21:52  Missile Turret  
  183  21:53  Marauder x3  
  184  22:05  Viking x2, Siege Tank  
  168  22:17  Marauder  
  168  22:18  Marauder x4  
  168  22:19  Marine x6  
  168  22:22  Factory Tech Lab x2  
  182  22:32  Starport Reactor x2  
  182  22:33  Starport Reactor  
  182  22:35  Viking x2  
  189  22:37  Marine x6, Siege Tank  
  189  22:39  Marauder x2, Marine  
  188  22:55  Marine x6  
  183  23:00  Marauder x2  
  186  23:10  Marauder x2  
  186  23:11  Marauder  
  195  23:12  Marine  
  195  23:13  Marine x2  
Show
View Real Time Build Order
Export as new Build Order

qqq Zerg - Winner!

Build Orders: Hatch First 

Get SALT Encoding   

  12  0:00  Drone  
  13  0:08  Drone  
  14  0:36  Hatchery  
  14  0:40  Drone  
  14  0:47  Overlord  
  14  0:53  Extractor  
  14  0:54  Drone  
  14  1:14  Spawning Pool  
  14  1:15  Drone  
  14  1:20  Drone  
  15  1:32  Extractor  
  14  1:33  Drone x2  
  14  1:38  Drone  
  17  1:47  Drone  
  17  1:51  Drone  
  19  2:06  Queen  
  21  2:11  Metabolic Boost  
  21  2:14  Drone  
  22  2:18  Drone  
  22  2:21  Zergling x2  
  24  2:24  Zergling x2  
  24  2:28  Zergling x2  
  26  2:32  Drone  
  26  2:36  Overlord  
  27  2:40  Drone  
  28  2:53  Queen, Overlord  
  30  3:01  Drone  
  30  3:02  Baneling Nest  
  30  3:04  Drone  
  31  3:06  Zergling x2  
  32  3:14  Zergling x4  
  32  3:17  Overlord  
  34  3:20  Zergling x2  
  35  3:28  Zergling x4  
  37  3:36  Zergling x2  
  38  3:45  Zergling x2  
  39  3:52  Zergling x2  
  39  3:53  Zergling x2  
  41  3:58  Zergling x2  
  41  3:59  Zergling x2  
  41  4:00  Baneling x2  
  41  4:25  Zergling x2  
  41  4:26  Zergling x12  
  41  4:27  Zergling x4  
  48  4:36  Zergling x2  
  48  4:37  Zergling x2  
  47  4:48  Baneling x4  
  45  5:00  Zergling x6  
  45  5:01  Zergling x4  
  43  5:25  Lair  
  37  5:34  Zergling x4  
  37  5:35  Drone x3, Zergling x2  
  40  5:36  Hatchery  
  40  5:48  Drone, Zergling x2  
  40  6:00  Drone x3  
  43  6:06  Drone  
  43  6:09  Extractor  
  43  6:10  Extractor  
  42  6:11  Extractor  
  42  6:14  Drone x3  
  42  6:16  Spore Crawler  
  43  6:21  Spore Crawler  
  43  6:23  Hatchery  
  41  6:32  Drone x2  
  43  6:33  Drone x5  
  43  6:39  Spire  
  47  6:40  Drone x2, Spore Crawler  
  47  6:41  Drone x2  
  47  6:42  Spore Crawler  
  47  6:43  Spore Crawler  
  47  6:46  Spore Crawler  
  47  6:54  Baneling  
  47  6:55  Baneling x2  
  46  7:09  Drone x2  
  46  7:10  Drone x5  
  53  7:20  Drone x3, Overlord  
  53  7:21  Infestation Pit  
  55  7:23  Drone  
  55  7:25  Drone  
  57  7:31  Baneling  
  57  7:32  Baneling  
  57  7:34  Overlord  
  57  7:35  Drone x2  
  56  8:00  Mutalisk x3  
  56  8:01  Mutalisk x4  
  56  8:02  Drone  
  70  8:06  Drone  
  71  8:15  Overlord x2  
  71  8:23  Zerg Flyer Weapons Level 1  
  71  8:33  Queen x2  
  75  8:37  Drone  
  75  8:38  Drone x5  
  75  8:39  Mutalisk x2  
  75  8:41  Mutalisk  
  87  8:55  Spine Crawler  
  86  8:58  Spore Crawler  
  86  9:01  Mutalisk x2  
  86  9:03  Drone x2  
  86  9:05  Extractor  
  86  9:06  Drone, Extractor, Spore Crawler  
  86  9:07  Spore Crawler  
  85  9:12  Hive  
  85  9:22  Mutalisk  
  85  9:23  Overlord x4  
  85  9:24  Overlord x3  
  85  9:31  Queen  
  82  9:49  Drone x2  
  82  9:50  Drone x3, Mutalisk  
  82  9:51  Mutalisk x2  
  88  10:08  Drone x2  
  88  10:09  Drone  
  88  10:10  Spine Crawler, Corruptor x2  
  94  10:24  Drone  
  94  10:25  Drone x2  
  97  10:30  Viper  
  97  10:32  Drone x3  
  97  10:33  Drone  
  97  10:35  Spine Crawler  
  103  10:37  Extractor  
  103  10:41  Drone x2  
  103  10:42  Overlord x2  
  104  10:46  Hatchery  
  104  10:48  Drone  
  101  10:51  Hatchery  
  101  10:54  Spore Crawler  
  99  11:00  Viper  
  99  11:01  Mutalisk  
  105  11:25  Zerg Flyer Armor Level 1  
  105  11:30  Drone x6  
  111  11:40  Viper  
  114  11:47  Hatchery  
  114  11:48  Spine Crawler  
  114  11:49  Spine Crawler  
  105  12:21  Mutalisk x2  
  105  12:22  Mutalisk x6  
  117  12:29  Mutalisk  
  117  12:31  Drone x3  
  119  12:50  Mutalisk x3  
  125  12:52  Drone  
  126  13:08  Mutalisk x3  
  126  13:10  Drone x3  
  126  13:11  Overlord  
  126  13:12  Overlord  
  135  13:15  Spine Crawler  
  134  13:29  Spine Crawler  
  134  13:30  Hatchery x2  
  134  13:32  Greater Spire  
  131  13:34  Mutalisk x2  
  131  13:35  Mutalisk  
  131  13:36  Drone x3  
  131  13:37  Drone x3  
  143  13:51  Spine Crawler  
  143  13:53  Spine Crawler  
  143  13:55  Spine Crawler  
  134  14:33  Mutalisk x2, Corruptor  
  134  14:34  Corruptor x6  
  134  14:35  Drone x3  
  144  14:49  Drone x2  
  144  14:51  Drone  
  147  14:54  Corruptor x3  
  147  14:57  Drone x3  
  156  15:02  Extractor  
  156  15:04  Viper  
  158  15:21  Extractor  
  158  15:26  Brood Lord  
  158  15:27  Brood Lord x2  
  161  15:37  Spine Crawler, Brood Lord  
  161  15:39  Spine Crawler  
  135  15:57  Corruptor x3  
  135  16:00  Viper  
  129  16:18  Brood Lord x2  
  129  16:21  Zergling x16  
  129  16:22  Drone x2, Zergling x2  
  129  16:23  Drone x7  
  149  16:51  Mutalisk x6  
  133  17:02  Mutalisk  
  133  17:03  Drone x6  
  133  17:04  Drone x3  
  133  17:07  Spine Crawler  
  133  17:08  Spine Crawler  
  141  17:09  Spine Crawler x2  
  141  17:14  Mutalisk  
  141  17:15  Mutalisk  
  135  17:16  Drone x3  
  138  17:23  Spine Crawler  
  138  17:24  Spine Crawler x2  
  138  17:25  Drone, Spine Crawler  
  135  17:34  Ultralisk Cavern  
  134  17:38  Evolution Chamber  
  134  17:40  Hatchery, Evolution Chamber  
  134  17:42  Spine Crawler  
  130  17:45  Spine Crawler  
  129  17:53  Zergling x2, Viper  
  129  17:54  Zergling x14  
  129  17:55  Drone x4  
  129  17:56  Drone  
  129  17:57  Extractor  
  144  17:58  Extractor  
  128  18:13  Corruptor x2, Viper  
  128  18:15  Drone x3  
  122  18:35  Drone x4  
  122  18:38  Extractor  
  125  18:45  Baneling x3  
  125  18:46  Baneling  
  124  18:58  Ultralisk  
  124  18:59  Ultralisk x3  
  137  19:06  Queen  
  137  19:08  Queen  
  137  19:09  Drone x3  
  136  19:10  Drone x3  
  125  19:23  Zerg Melee Weapons Level 1, Zerg Ground Armor Level 1  
  125  19:24  Anabolic Synthesis  
  125  19:26  Hydralisk Den  
  125  19:29  Ultralisk  
  125  19:30  Zergling x6  
  125  19:31  Zergling x10  
  137  19:32  Drone x4  
  137  19:36  Spore Crawler  
  137  19:38  Spore Crawler  
  140  19:40  Spore Crawler x2  
  140  19:42  Spore Crawler  
  140  19:43  Drone, Spore Crawler  
  140  19:44  Drone x4  
  137  19:45  Spore Crawler  
  130  19:56  Hydralisk x4  
  136  20:00  Muscular Augments  
  136  20:05  Drone x2  
  136  20:06  Drone, Chitinous Plating  
  137  20:26  Hydralisk  
  137  20:27  Hydralisk x3, Ultralisk  
  134  20:46  Hydralisk, Ultralisk  
  134  20:47  Zergling x2, Ultralisk  
  138  21:06  Ultralisk x2  
  138  21:07  Zergling x4  
  152  21:11  Grooved Spines  
  149  21:20  Corruptor x3  
  149  21:22  Viper  
  156  21:32  Zergling x8  
  142  21:33  Hydralisk x2, Zergling x2  
  142  21:35  Drone  
  142  21:39  Viper  
  142  21:41  Viper  
  148  21:59  Viper x3  
  157  22:35  Viper  
  157  22:36  Corruptor x7  
  170  22:38  Zergling x4  
  170  22:39  Zergling x8  
Tags
 
Add a new tag
Caveats
  • Supply blocks, unpowered buildings, or Contaminate may cause inaccurate times.
  • Supply counts are checked every 10 seconds.